AoeStats
← Fede_Furia

Arabia

505134576Analyzed
1v1 RM · 24d ago on Sep 8, 2026· 34m 19s· 2 players
Game mode
Random Map
Map size
Tiny (2 player)
Population
200
Speed
Normal
Resources
Standard
Victory
Conquest
Starting age
Dark Age
Ending age
Imperial Age
RankedLock teamsTeams togetherTeam positionsShared explorationLock speedFull tech treeHidden civsTurbo modeCheats
Victory
Defeat
🇧🇷 Franks · Brazil
592
+16
🇦🇷 Aztecs · Argentina
582
-16
Fede_Furia
9:18 Loom
11:42 Feudal Age
19:46 Castle Age
18:05 Double-Bit Axe
19:50 Wheelbarrow
19:19 Fletching
19:31 Padded Archer Armor
22:21 Scale Mail Armor
22:32 Forging
26:22 Bodkin Arrow
26:42 Leather Archer Armor
26:54 Crossbowman
32:05 Pikeman
Schwertner
6:16 Loom
9:46 Feudal Age
13:00 Scale Barding Armor
13:06 Forging
20:28 Gold Mining
23:32 Castle Age
24:08 Double-Bit Axe
25:23 Husbandry
26:01 Chain Barding Armor
26:17 Iron Casting
25:56 Bow Saw
25:40 Stone Mining
26:31 Gold Shaft Mining
27:02 Wheelbarrow
27:13 Stone Mining
Connection lost

Rejoining the realm…

Still unreachable

The connection could not be restored.

Session expired

The server has moved on; the page needs a fresh start.